Map: Frozen Temple

Players

Vortix

  • Race: Zerg Zerg

Nerchio - Winner!

  • Race: Zerg Zerg

Event: DreamHack Open Tours WCS Spring Championship

VOD

Have the link to the VOD?

Description

Time

  • Played on: May 14, 2016, 6:29 a.m.
  • Length: 12:12

All games in this series

Show
View Real Time Build Order
Export as new Build Order

Vortix Zerg 

Build Orders: Pool First 

Get SALT Encoding   

  12  0:00  Drone  
  13  0:13  Extractor  
  12  0:24  Spawning Pool  
  12  0:28  Drone  
  12  0:32  Drone  
  13  0:38  Drone  
  14  0:49  Overlord  
  14  1:12  Zergling x4, Metabolic Boost  
  14  1:14  Zergling x2  
  17  1:22  Zergling x2  
  18  1:29  Queen  
  20  1:51  Hatchery  
  19  1:56  Zergling x2  
  19  1:58  Zergling x2  
  21  2:02  Zergling x2  
  22  2:10  Overlord  
  22  2:28  Zergling x2  
  22  2:30  Zergling x2  
  23  2:38  Zergling x6  
  25  2:45  Queen  
  25  2:47  Drone  
  28  2:52  Drone  
  29  3:02  Overlord  
  29  3:03  Drone  
  27  3:14  Drone x2  
  25  3:28  Zergling x4  
  26  3:41  Zergling x4  
  26  3:43  Spine Crawler  
  26  3:46  Drone x3  
  26  3:47  Zergling x2  
  29  3:53  Evolution Chamber, Zergling x2  
  29  3:57  Zergling x2  
  30  4:04  Queen  
  30  4:08  Overlord, Drone  
  33  4:23  Drone x2  
  31  4:24  Zergling x6  
  31  4:29  Drone  
  33  4:35  Drone  
  33  4:36  Drone x3  
  37  4:39  Drone  
  37  4:42  Drone  
  39  4:46  Drone x2  
  39  4:50  Extractor  
  40  4:56  Roach Warren  
  40  4:59  Drone  
  40  5:06  Drone  
  40  5:07  Drone x2  
  40  5:14  Drone  
  40  5:15  Drone x3  
  40  5:19  Lair  
  43  5:25  Overlord  
  43  5:26  Drone  
  43  5:28  Extractor  
  43  5:33  Drone x3  
  46  5:38  Overlord  
  46  5:41  Overlord  
  46  5:47  Roach x2  
  46  5:48  Roach  
  54  5:50  Roach  
  54  5:53  Roach  
  56  5:58  Zerg Missile Weapons Level 1  
  56  6:00  Drone  
  56  6:01  Drone  
  58  6:12  Roach  
  58  6:14  Hatchery  
  58  6:15  Roach  
  58  6:18  Glial Reconstitution  
  61  6:21  Roach  
  61  6:23  Roach  
  65  6:28  Overseer  
  65  6:31  Roach  
  67  6:33  Overlord  
  67  6:36  Roach  
  67  6:38  Roach  
  71  6:42  Overlord  
  71  6:44  Roach  
  73  6:49  Roach  
  73  6:50  Overlord  
  73  6:53  Roach x2  
  79  7:04  Extractor  
  79  7:05  Drone x3  
  79  7:06  Drone x2  
  79  7:07  Roach  
  85  7:13  Roach x3  
  91  7:18  Overlord  
  91  7:25  Roach x3  
  91  7:27  Overlord  
  97  7:31  Drone x2  
  97  7:34  Overlord  
  99  7:40  Roach x2  
  103  7:44  Drone  
  103  7:45  Drone x2  
  103  7:47  Roach  
  108  7:51  Zerg Missile Weapons Level 2  
  108  7:56  Roach x2  
  104  7:59  Roach  
  104  8:03  Roach x2  
  110  8:07  Roach  
  110  8:08  Roach  
  110  8:11  Overseer  
  116  8:12  Roach  
  116  8:16  Drone x3  
  116  8:18  Roach  
  121  8:22  Drone  
  121  8:23  Overlord  
  121  8:26  Roach x2  
  126  8:31  Roach x2  
  126  8:34  Overlord  
  130  8:36  Overlord  
  130  8:43  Roach x3  
  130  8:44  Roach  
  138  8:52  Drone x3  
  141  8:56  Roach  
  141  8:57  Overlord, Roach x3  
  149  9:05  Spire, Extractor  
  149  9:08  Drone x2  
  149  9:09  Extractor  
  148  9:10  Drone  
  148  9:12  Drone  
  148  9:14  Drone  
  148  9:15  Drone  
  152  9:17  Overlord  
  152  9:23  Roach  
  152  9:24  Roach  
  156  9:26  Roach x2  
  156  9:29  Overlord  
  156  9:30  Roach  
  162  9:40  Overlord  
  162  9:41  Roach x4  
  170  9:47  Overlord  
  170  9:48  Roach x2  
  170  9:49  Roach  
  176  9:53  Roach  
  176  9:57  Overlord  
  176  9:59  Roach x2  
  184  10:00  Roach  
  184  10:01  Overseer  
  184  10:03  Overseer  
  184  10:08  Overlord  
  184  10:16  Mutalisk x4  
  184  10:17  Mutalisk  
  184  10:19  Overlord  
  194  10:23  Overlord  
  194  10:28  Mutalisk  
  194  10:32  Mutalisk  
  198  10:40  Mutalisk  
  198  10:41  Hatchery  
  199  10:46  Drone  
  200  11:18  Roach x8  
  182  11:22  Roach x6  
  182  11:24  Roach x4  
  182  11:25  Roach x3  
  170  11:32  Roach  
  134  11:33  Roach x5  
  134  11:37  Roach x2  
  134  11:39  Roach  
  144  11:44  Roach  
  144  11:45  Roach  
  148  11:49  Roach  
Show
View Real Time Build Order
Export as new Build Order

Nerchio Zerg - Winner!

Build Orders: Pool First 

Get SALT Encoding   

  12  0:00  Drone  
  13  0:12  Overlord  
  13  0:18  Drone  
  14  0:31  Drone x2  
  14  0:34  Drone  
  17  0:46  Spawning Pool  
  17  0:49  Drone  
  17  1:10  Hatchery  
  16  1:13  Drone  
  16  1:15  Extractor  
  16  1:18  Drone  
  17  1:33  Zergling x4  
  17  1:35  Queen  
  21  1:40  Drone  
  22  1:51  Overlord  
  22  2:09  Drone  
  22  2:11  Queen  
  25  2:15  Drone  
  25  2:22  Spine Crawler  
  25  2:25  Zergling x4  
  25  2:28  Baneling Nest  
  26  2:32  Zergling x2  
  22  2:44  Zergling x2  
  22  2:47  Zergling x2  
  22  2:50  Zergling x2  
  24  2:53  Zergling x2  
  24  2:56  Zergling x2  
  26  3:00  Zergling x2  
  26  3:02  Zergling x2  
  26  3:06  Zergling x2  
  26  3:12  Zergling x2  
  26  3:13  Zergling x2  
  26  3:15  Baneling  
  26  3:19  Zergling x2  
  26  3:21  Zergling x2  
  26  3:24  Zergling x2  
  24  3:27  Zergling x2  
  24  3:31  Drone  
  25  3:34  Drone  
  25  3:36  Drone  
  25  3:39  Drone  
  26  3:45  Drone  
  26  3:47  Drone  
  28  3:54  Queen  
  30  3:57  Drone  
  30  4:00  Drone  
  32  4:09  Zergling x4  
  34  4:13  Queen  
  36  4:22  Zergling x2  
  36  4:23  Drone  
  35  4:28  Drone  
  35  4:30  Queen  
  36  4:34  Overlord  
  36  4:41  Overlord  
  36  4:50  Baneling  
  36  4:51  Queen  
  38  4:54  Drone x3  
  41  5:06  Drone x3  
  44  5:10  Drone x2  
  46  5:17  Drone x2  
  46  5:20  Extractor  
  47  5:21  Drone  
  47  5:22  Drone  
  47  5:24  Drone  
  47  5:28  Overlord, Hatchery  
  49  5:34  Roach Warren  
  48  5:37  Overlord  
  48  5:41  Baneling  
  48  5:43  Overlord  
  48  5:53  Drone x2  
  50  6:01  Drone  
  50  6:03  Extractor  
  49  6:08  Evolution Chamber  
  48  6:15  Roach x5  
  48  6:16  Roach  
  60  6:19  Lair  
  60  6:23  Overlord  
  60  6:27  Roach x2  
  60  6:30  Drone  
  60  6:32  Drone x3  
  68  6:39  Overlord, Extractor  
  67  6:40  Overlord  
  67  6:46  Zerg Missile Weapons Level 1  
  67  6:50  Drone x4  
  75  7:01  Roach x3  
  75  7:04  Drone x2  
  75  7:06  Roach x2  
  75  7:07  Roach  
  85  7:11  Roach  
  85  7:12  Roach  
  85  7:15  Roach  
  91  7:17  Glial Reconstitution  
  91  7:22  Roach  
  95  7:23  Roach  
  95  7:25  Roach  
  97  7:34  Overlord x2  
  97  7:35  Roach  
  99  7:37  Overlord  
  99  7:41  Overseer  
  99  7:46  Overlord x2  
  99  7:53  Evolution Chamber  
  99  7:55  Roach  
  99  7:56  Roach x2  
  99  7:57  Roach  
  100  8:00  Roach  
  100  8:02  Roach  
  100  8:04  Roach  
  104  8:10  Drone x4  
  108  8:13  Roach  
  108  8:16  Roach x2  
  114  8:20  Roach  
  114  8:25  Zerg Ground Armor Level 1  
  114  8:26  Roach  
  118  8:28  Roach  
  118  8:30  Roach  
  122  8:41  Overseer, Zerg Missile Weapons Level 2, Drone x2  
  124  8:42  Drone x2  
  124  8:45  Overlord  
  124  8:48  Roach  
  128  8:50  Roach  
  128  8:54  Roach x2  
  134  9:02  Ravager x2  
  136  9:03  Roach x2  
  136  9:04  Extractor x2  
  136  9:09  Drone x3  
  141  9:13  Overlord x2  
  141  9:14  Roach  
  143  9:18  Overseer  
  143  9:19  Roach  
  143  9:20  Roach  
  143  9:22  Overlord  
  147  9:25  Drone x2  
  147  9:29  Overlord, Ravager x2  
  151  9:33  Roach  
  151  9:35  Roach  
  151  9:36  Roach  
  157  9:40  Roach x2  
  157  9:42  Roach  
  157  9:44  Roach  
  165  9:46  Roach  
  165  9:49  Drone  
  165  9:52  Roach  
  170  9:53  Hydralisk Den  
  170  9:55  Roach  
  170  9:59  Drone x2  
  173  10:08  Hatchery  
  173  10:10  Ravager x2  
  173  10:11  Overlord, Ravager  
  175  10:27  Hydralisk, Muscular Augments  
  177  10:29  Hydralisk  
  177  10:30  Hydralisk x3  
  185  10:36  Overlord, Overseer  
  185  10:39  Overlord  
  185  10:47  Overlord  
  185  10:55  Hydralisk x3, Spore Crawler  
  190  11:02  Hydralisk, Spore Crawler  
  191  11:10  Spore Crawler  
  190  11:16  Roach  
  190  11:17  Roach x5  
  190  11:19  Roach  
  190  11:22  Roach  
  190  11:24  Roach  
  180  11:25  Roach  
  180  11:28  Roach  
  180  11:30  Roach  
  180  11:32  Roach  
  170  11:34  Ravager  
  170  11:35  Ravager  
  170  11:37  Ravager  
  170  11:38  Roach  
  170  11:39  Roach  
  177  11:41  Roach  
  177  11:43  Ravager  
  177  11:44  Roach  
  177  11:46  Roach  
  184  11:48  Roach  
  184  11:52  Roach  
  184  11:53  Roach  

Tags
 
Add a new tag
Caveats
  • Supply blocks, unpowered buildings, or Contaminate may cause inaccurate times.
  • Supply counts are checked every 10 seconds.